[Event "2nd Serbia Open Masters 2022"]
[Site "Novi Sad"]
[Date "2022.06.30"]
[Round "3.44"]
[White "Salimova, Nurgyul"]
[Black "Popvasilev, Kaloyan"]
[Result "1/2-1/2"]
[ECO "D36"]
[WhiteElo "2418"]
[BlackElo "2192"]
[Annotator "TA"]
[PlyCount "169"]
[EventDate "2022.06.28"]
[EventType "swiss"]
[EventCountry "SRB"]
[SourceTitle "playchess.com"]
[Source "ChessBase"]
[SourceQuality "1"]
[TimeControl "40/5400+30:900+30"]

1. c4 e6 2. Nc3 d5 3. cxd5 exd5 4. d4 Nf6 5. Bg5 Be7 6. e3 c6 7. Qc2 Nbd7 8. Bd3 Nh5 9. Bxe7 Qxe7 10. Nge2 Nb6 {[%emt 0:06:00] is now debated instead of 10...g6.} 11. h3 {[%emt 0:03:01] D36: Queen's Gambit Declined: Exchange Variation: Main line (5 Bg5 c6 6 Qc2).} g6 12. O-O-O Bd7 13. g4 Ng7 14. e4 dxe4 15. Bxe4 {[%emt 0:00:34] [#]} f5 $146 ({Predecessor:} 15... O-O 16. Kb1 Be6 17. Nf4 Rac8 18. Nxe6 Nxe6 19. d5 cxd5 20. Bxd5 Nf4 21. Bb3 Rfe8 {½-½ (34) Brinck Claussen,B (2227)-Sorensen,P (1980) Ballerup 2017}) 16. gxf5 Bxf5 17. f3 O-O 18. h4 Kh8 (18... Nc4 $15 19. Qb3 b5) 19. Rdg1 (19. Ng3 $11) 19... Nd5 20. Qd2 Nxc3 21. Nxc3 Rad8 22. Rd1 Nh5 23. Rh2 Qd6 24. Kb1 (24. d5 $11 {deserves consideration.}) 24... Qf4 $17 25. Qc2 (25. Ka1 $15) 25... Ng3 26. Rhd2 {[%emt 0:07:07] [#]} (26. d5 $17) 26... Bxe4 (26... Qxh4 27. d5 $17) (26... Qxf3 $1 $19 27. Bxf3 Bxc2+ 28. Kxc2 Rxf3) 27. Nxe4 Qxf3 (27... Nf5 $142 28. Nc5 Ne3) 28. Ng5 (28. Nc5 $17 Qd5 29. Nxb7) 28... Qf5 (28... Qd5 $1 $19 {White must now prevent ...Nf5.} 29. Rd3 Ne4 30. Nxe4 Qxe4) 29. Rd3 {[%emt 0:00:08] [#]} Nh5 30. Qc5 (30. Re3 $142) 30... Nf4 31. Qxf5 Rxf5 ({Stronger than} 31... gxf5 32. Rf3 h6 33. Nf7+ (33. Rxf4 hxg5 34. hxg5 Kh7 $17) 33... Rxf7 34. Rxf4 $17) 32. Rb3 (32. Re3 $17 {keeps fighting.}) 32... b6 (32... Rd7 $19 33. Re1 Kg7) 33. Re3 h6 34. Nf3 c5 35. Ne5 (35. Re4 $17 {was worth a try.}) 35... cxd4 $19 ({Weaker is} 35... Rxd4 36. Rxd4 cxd4 37. Re4) 36. Re4 Rd6 {[%emt 0:01:16] Prevents Nc6.} 37. Nc4 Rc6 38. Rdxd4 Ne6 (38... Nd5 $17) 39. Rd1 (39. Rd7 $15) 39... Rf4 $17 40. Rxf4 Nxf4 {[%emt 0:00:00][%mdl 4096] Endgame KRN-KRN} 41. Ne5 Rc7 42. b4 (42. Rf1 $142 Re7 43. Nc6) 42... Kg7 43. Kb2 g5 44. hxg5 hxg5 45. Rd6 Re7 46. Ng4 Ne6 (46... Re6 $19 47. Rxe6 (47. Rd7+ $2 Kg6 $19) 47... Nxe6) 47. Ne3 {[%emt 0:00:55] [#]} Kf7 ({Better is} 47... Nd4 $1 $17 48. a4 (48. Nd5 Re2+) 48... Rxe3 49. Rxd4 Kf6) 48. Nd5 $15 Rb7 49. Kc3 Nf8 50. Kd4 Rd7 51. Rf6+ Kg7 52. Rf5 Nh7 53. Ke5 Kg6 54. Rf1 g4 55. Nf4+ Kg5 56. Ne6+ Kh4 {[%emt 0:01:35] And now ...Ng5 would win.} 57. Rh1+ Kg3 58. Rg1+ Kh3 {[%emt 0:00:53] aiming for ...Re7.} 59. Nf4+ Kh4 60. Rh1+ Kg3 61. Rg1+ $1 Kf3 62. Rf1+ (62. Nh5 $11) 62... Ke3 63. Ng2+ Ke2 64. Rf4 g3 {[%emt 0:00:00] Threatens to win with ...Ng5.} 65. Rf5 {[%emt 0:00:34] Prevents Ng5.} (65. Rc4 $17) 65... Re7+ $19 66. Kf4 Kf2 67. Nh4 Rg7 68. Ke4+ Ke2 69. Ng2 $2 (69. Re5) 69... Rg4+ 70. Rf4 Rxf4+ 71. Nxf4+ {[%emt 0:00:15] KN-KN} Kf2 72. Kf5 Kf3 73. Ng6 {[%emt 0:00:16] [#]} Nf8 $1 {[%emt 0:01:59][%mdl 512] ( -> ...Nxg6)} 74. Nh4+ Ke3 75. Kg4 Kd4 $2 (75... Kf2 $19 {[%cal Of8g6] Hoping for ...Ng6!} 76. Kf5 b5) 76. Kxg3 $17 Kc4 77. Nf5 Kxb4 {[%emt 0:00:07] ...Ka3 is the strong threat.} 78. Ne7 Nd7 ({Black should try} 78... a5 $17 79. Nd5+ Kc5) 79. Nc6+ $11 {[%emt 0:00:26] The position is equal.} Ka3 80. Nxa7 Kxa2 81. Kf4 Kb3 82. Nc8 $1 b5 83. Na7 b4 {[%emt 0:00:19] Strongly threatening ...Kc3.} 84. Nc6 Kc4 85. Nxb4 {[%emt 0:00:03] White happily takes the draw.  Weighted Error Value: White=0.22 (precise) /Black=0.23 (precise)} 1/2-1/2

[Event "2nd Serbia Open Masters 2022"]
[Site "Novi Sad"]
[Date "2022.06.30"]
[Round "3.45"]
[White "Risteski, Emil"]
[Black "Aakash Sharadchandra, Dalvi"]
[Result "1/2-1/2"]
[ECO "B52"]
[WhiteElo "2391"]
[BlackElo "2074"]
[Annotator "TA"]
[PlyCount "275"]
[EventDate "2022.06.28"]
[EventType "swiss"]
[EventCountry "SRB"]
[SourceTitle "playchess.com"]
[Source "ChessBase"]
[SourceQuality "1"]
[TimeControl "40/5400+30:900+30"]

1. e4 c5 2. Nf3 d6 3. Bb5+ Bd7 4. Bxd7+ Nxd7 5. O-O Ngf6 6. Re1 e6 7. c3 Be7 8. d4 O-O 9. Nbd2 cxd4 10. cxd4 Rc8 11. b3 Qc7 12. Ba3 Qa5 13. Bb2 Rc7 14. a4 Rfc8 15. Nc4 Qa6 16. Ba3 Bf8 17. e5 Ne8 18. d5 exd5 19. Qxd5 dxe5 20. Bxf8 Nxf8 21. Nfxe5 Ng6 22. Rad1 Nf6 23. Qd4 Nxe5 24. Qxe5 h6 25. h3 Rc5 26. Qe7 Qc6 27. Nd6 Rc7 28. Qd8+ Kh7 29. Ne8 Rc8 30. Nxf6+ gxf6 31. Qd3+ (31. Qd7 $16 Rc7 32. Qd8) 31... Kg7 $1 $14 32. h4 Re8 33. Rxe8 Qxe8 34. Qd7 (34. Qg3+ $14 Kh7 35. Qf4) 34... Qe2 35. Rd3 Rc3 $1 (35... Rc1+ $2 36. Kh2 Qe6 37. Qxb7 $18) 36. Rxc3 Qe1+ 37. Kh2 Qxc3 38. Qxb7 Qd4 $1 39. Kg1 Qd1+ 40. Kh2 Qd4 $1 41. Kg3 Qe5+ $1 42. f4 Qe1+ 43. Kh3 Qe6+ 44. Kg3 Qe1+ 45. Kf3 Qd1+ 46. Ke3 a5 47. Qb5 h5 48. Qxa5 Qxb3+ 49. Kf2 Qc2+ 50. Kg3 Qd1 51. Kh2 $1 Kg6 ({Better is} 51... Qd4 $14) 52. f5+ $2 (52. Qb4 $18) 52... Kg7 $11 53. Qb4 Qa1 54. a5 Qe5+ 55. Kg1 Qxf5 56. a6 Qe5 57. Qc4 Qe1+ 58. Qf1 Qa5 59. Qe2 Qa4 60. g3 Qd4+ 61. Kh2 Qa4 62. Kg1 Qd4+ 63. Kg2 Qd5+ 64. Kh2 Qa5 65. Qd3 Qa2+ 66. Kg1 Qb2 67. Qc4 Qb6+ 68. Kg2 Qa5 69. Kf3 Qf5+ 70. Ke3 Qa5 71. Kd3 Qa1 72. Kc2 Qa3 73. Qd3 Qb4 74. Kc1 Qb6 75. Kd2 Qa5+ 76. Ke2 Qe5+ 77. Kf3 Qa5 78. Qc4 Qf5+ 79. Kg2 Qa5 80. Qe2 Qd5+ 81. Kg1 Qa5 82. Kh2 Qa3 83. Qb5 Qa2+ 84. Kh3 Qa1 85. Kg2 (85. Qxh5 Qh1+ 86. Kg4 Qd1+ 87. Kf5 Qxh5+ $19) 85... Qa3 86. Qb7 Qa2+ 87. Kf3 Qa3+ 88. Ke4 Qxg3 89. Kd5 Qe5+ 90. Kc6 Qe6+ 91. Kb5 Qe5+ 92. Kb6 Qd4+ 93. Ka5 Qa1+ 94. Kb5 Qe5+ 95. Kc4 Qe2+ 96. Kd4 Qe5+ 97. Kd3 Qd6+ 98. Ke2 Qe5+ 99. Kd3 Qd6+ 100. Kc4 Qe6+ 101. Kb4 Qe1+ 102. Kc5 Qe3+ 103. Kc6 Qe6+ 104. Kc7 Qe5+ 105. Kd8 Qd6+ 106. Kc8 Qe6+ 107. Kb8 Qd6+ 108. Ka7 Qd4+ 109. Qb6 Qd7+ 110. Kb8 Qe8+ 111. Kb7 Qd7+ 112. Qc7 Qb5+ 113. Ka7 Kg6 114. Qg3+ Kh7 115. Qd6 Kg7 116. Ka8 Qe8+ 117. Kb7 Qb5+ 118. Kc7 Qa5+ 119. Kc8 Qf5+ 120. Kd8 Qa5+ 121. Ke8 Qa4+ 122. Ke7 Qe4+ 123. Kd7 Qf5+ 124. Kc7 Qa5+ 125. Kb8 Qb5+ 126. Kc8 Qf5+ 127. Kb7 Qb5+ 128. Ka7 Kg6 129. Ka8 Qe8+ 130. Kb7 Qb5+ 131. Kc7 Qa5+ 132. Kd7 Qf5+ 133. Kd8 Qa5+ 134. Ke7 (134. Ke8 $5 ) 134... Qe1+ 135. Kf8 Qa5 $2 (135... Qc3 $11) 136. Qd3+ Kh6 137. Kg8 $2 (137. Qe3+ {mates} Kg6 138. Qd3+ Qf5) 137... Qf5 $1 $11 138. Qe3+ 1/2-1/2

[Event "2nd Serbia Open Masters 2022"]
[Site "Novi Sad"]
[Date "2022.06.30"]
[Round "3.46"]
[White "Demchenko, Anton"]
[Black "Saravanan, V.."]
[Result "1-0"]
[ECO "C06"]
[WhiteElo "2654"]
[BlackElo "2324"]
[Annotator "TA"]
[PlyCount "67"]
[EventDate "2022.06.28"]
[EventType "swiss"]
[EventCountry "SRB"]
[SourceTitle "playchess.com"]
[Source "ChessBase"]
[SourceQuality "1"]
[TimeControl "40/5400+30:900+30"]

1. e4 e6 2. d4 d5 3. Nd2 Nf6 4. e5 Nfd7 5. c3 c5 6. Bd3 Nc6 7. Ngf3 g6 {[%emt 0:01:22] was the old line (7...Qb6).} 8. O-O Bg7 9. Nb1 $5 {[%emt 0:25:28][%cal Bd2b1,Bb1a3,Ba3c2,Bc2e3][%mdl 4] [#] A promising side line. C06: French Tarrasch: 3...Nf6 4 e5 Nfd7 5 Bd3 main lines.} b6 $146 (9... Qb6 $11) ({Predecessor:} 9... O-O 10. Bg5 Qb6 11. dxc5 Qxb2 12. Nbd2 Qxc3 13. Nb3 Ndxe5 14. Nxe5 Qxe5 15. f4 Qc7 16. Rc1 Bd7 {0-1 (34) Lyons,B (2135)-Burns,J Dublin 1998}) 10. Bg5 $14 Qc7 11. Na3 {[%emt 0:00:30] White is slightly better.} a6 {[%emt 0:01:31] Against Nb5} 12. Qd2 c4 13. Bc2 h6 14. Bf4 {[%emt 0:01:31] White is more active.} b5 15. Bd1 Nb6 16. Nc2 Bd7 17. Ne3 O-O-O 18. b3 Ne7 19. Be2 g5 20. Bg3 Ng6 (20... Bc6 $16 {was worth a try.}) 21. Rfb1 $18 h5 22. h3 ({White should try} 22. Nxg5 {Hoping for h4.} h4 23. Nxf7) 22... Bh6 $16 23. a4 ({Don't take} 23. bxc4 $6 dxc4 24. a4 g4 25. hxg4 hxg4 $14) 23... Nf4 24. a5 Na8 25. Bxf4 gxf4 26. Nc2 Bc6 27. Qd1 Bb7 28. Nd2 h4 29. Bf3 Rhg8 30. Ra2 (30. Na3 $18) 30... Kd7 $2 {[%emt 0:02:21] This move loses the game for Black.} (30... Bf8 $16) 31. bxc4 $18 dxc4 32. Ne4 {[%emt 0:00:08] [#] Strongly threatening Nc5+.} Bxe4 (32... Kc8 33. Nb4 Bf8) 33. Bxe4 Ke8 34. Qf3 {[%emt 0:01:44] Weighted Error Value: White=0.09 (flawless) /Black=0.35} 1-0

[Event "2nd Serbia Open Masters 2022"]
[Site "Novi Sad"]
[Date "2022.06.30"]
[Round "3.47"]
[White "Blagojevic, Tijana"]
[Black "Piorun, Kacper"]
[Result "0-1"]
[ECO "C02"]
[WhiteElo "2315"]
[BlackElo "2635"]
[Annotator "TA"]
[PlyCount "128"]
[EventDate "2022.06.28"]
[EventType "swiss"]
[EventCountry "SRB"]
[SourceTitle "playchess.com"]
[Source "ChessBase"]
[SourceQuality "1"]
[TimeControl "40/5400+30:900+30"]

1. e4 e6 2. d4 d5 3. e5 c5 4. c3 Nc6 5. Nf3 Bd7 6. Be2 f6 7. O-O fxe5 8. Nxe5 Nxe5 9. dxe5 Qc7 10. c4 O-O-O 11. cxd5 {[%emt 0:00:30] C02: French: Advance Variation.} (11. Nc3 $5 ) 11... Qxe5 12. Nc3 {[%emt 0:00:30] With the idea Bf3.} Nf6 13. dxe6 {[%emt 0:00:30] The position is equal.} Qxe6 (13... Bc6 $5 14. Qb3 (14. f4 Qxe6 15. Qe1 Bd6 $11) 14... c4 15. Qxc4 Rd4 $11) 14. Bf4 Bc6 15. Qc2 {[%emt 0:00:30] And now Nb5 would win.} Bd6 16. Bxd6 Qxd6 {[%emt 0:00:30] [#]} 17. b4 $146 ({Predecessor:} 17. Rad1 Qf4 18. Nb5 Bxb5 19. Bxb5 b6 20. g3 Qc7 21. Rc1 Rd4 22. a3 Rhd8 23. b4 {1-0 (51) Markus,R (2356)-Noire,E (2191) IECG email 2001}) 17... Qd2 18. Qf5+ Nd7 $1 19. b5 (19. Rac1 $5 Rhf8 20. Qg4 cxb4 21. Qxb4 $11) 19... Bxg2 $40 {[%emt 0:00:30][%mdl 128] Black attacks.} 20. Kxg2 Qxc3 21. Rac1 Qf6 22. Rxc5+ Kb8 23. Qxf6 Nxf6 24. b6 (24. Bf3 $11 {might be stronger.}) 24... axb6 $15 25. Rb5 Rhe8 26. Bf3 Rd6 27. a4 Nd7 28. a5 Rg6+ 29. Kh3 Rf8 30. Be4 Rh6+ 31. Kg3 ({Better is} 31. Kg2 $11) 31... Nf6 $1 32. Bf3 Rg6+ 33. Kh3 {[%emt 0:00:30] [#]} Ne8 $1 34. Bh1 {[%emt 0:00:30] [#]} Nd6 $1 35. Rxb6 Rf5 36. Rb4 Rxa5 37. Re1 Kc7 38. Rh4 h6 39. Bf3 Rf5 (39... Ra3 $19 40. Re7+ Kd8) 40. Re3 $17 Rgf6 41. Bg4 Rg5 42. Rh5 Rxh5+ ({Inferior is} 42... Rxf2 43. Rxg5 hxg5 44. Re7+ Kb8 45. Rxg7 $11) 43. Bxh5 {[%mdl 4096] Endgame KRB-KRN} g6 44. Bf3 (44. Rf3 $17 {was worth a try.} Rxf3+ 45. Bxf3) 44... b5 $19 45. Kg4 (45. Rc3+ $142 Kb6 46. Rc6+ Ka5 47. Be2) 45... Nc4 46. Rc3 Kd6 47. Be2 Kc5 ({And not} 47... Rxf2 48. Bxc4 bxc4 49. Kg3 $15) 48. f4 Kd4 (48... Rf5 $17 {Strongly threatening ...Rd5.} 49. h4 Rf6) 49. Rb3 $2 {[%emt 0:00:30][%mdl 8192] Now White is beyond hope.} (49. Rd3+ $1 $15 Kc5 50. h4) 49... Re6 50. Rd3+ Kc5 51. Bf3 Ne3+ 52. Kg3 b4 53. Kf2 Nf5 54. Rd5+ (54. Rd8 {is a better defense.}) 54... Kc4 55. Rd8 {[%emt 0:00:30] Black must now prevent Bd5+.} Nd6 56. Rb8 Rf6 57. Ke3 Kc3 {[%emt 0:00:30] ...Nc4+ is the strong threat.} 58. Bd5 Nc4+ (58... Rf5 $142 59. Bg8 Nc4+ 60. Ke4 Rc5) 59. Ke4 {[%emt 0:00:30] aiming for Rc8.} Nb6 {[%emt 0:00:30] Against Rc8+} 60. Ba2 (60. Bg8 {was forced.}) 60... Nc4 61. h4 h5 {[%emt 0:00:30] Threatens to win with ...Ra6.} 62. Bxc4 (62. Rc8 b3 63. Bb1) 62... Kxc4 {[%emt 0:00:30] Black is clearly winning.} 63. Rc8+ Kb5 {[%emt 0:00:30] Hoping for ...b3.} 64. Ke5 Rc6 {[%emt 0:00:30] Weighted Error Value: White=0.38/Black=0.15 (very precise)} 0-1

[Event "2nd Serbia Open Masters 2022"]
[Site "Novi Sad"]
[Date "2022.06.30"]
[Round "3.48"]
[White "Koutlas, Nikolaos"]
[Black "Mendonca, Leon Luke"]
[Result "1/2-1/2"]
[ECO "B12"]
[WhiteElo "2251"]
[BlackElo "2551"]
[Annotator "TA"]
[PlyCount "105"]
[EventDate "2022.06.28"]
[EventType "swiss"]
[EventCountry "SRB"]
[SourceTitle "playchess.com"]
[Source "ChessBase"]
[SourceQuality "1"]
[TimeControl "40/5400+30:900+30"]

1. e4 c6 2. d4 d5 3. f3 dxe4 4. fxe4 e5 5. Nf3 Bg4 6. c3 {[%emt 0:00:09] B12: Caro-Kann: Advance Variation.} Nd7 7. Be2 Bd6 8. Nbd2 Ngf6 9. Nc4 {[%emt 0:08:47][%csl LRd6,LRe5] [#]} Qe7 $146 (9... Nxe4 $2 {[#]} 10. Ng5 $1 Bxe2 11. Qxe2 $18) ({Predecessor:} 9... Bc7 10. Nfxe5 Nxe5 11. Nxe5 Bxe2 12. Qxe2 Bxe5 13. dxe5 Nd7 14. e6 fxe6 15. O-O Qe7 {½-½ (49) Sabirov,R (1704)-Gallasch,R (2063) Willingen 2022}) 10. Nxd6+ Qxd6 11. O-O O-O 12. Nxe5 Bxe2 13. Qxe2 Nxe5 14. Bf4 {[%emt 0:00:00][%mdl 64] [#] Pin} Nfd7 15. Rad1 Qe6 {[%emt 0:04:47] And now ...Ng6 would win.} 16. dxe5 Nxe5 17. Bxe5 Qxe5 18. Rd7 b5 {[%emt 0:03:22] Prevents Qc4.} 19. Qf2 Qe6 20. Rxa7 Rxa7 21. Qxa7 Qxe4 $11 {[%emt 0:00:09][%mdl 4096] Endgame KQR-KQR} 22. Qd4 Qe6 23. b3 h6 24. h3 $1 Re8 25. Rf2 Qg6 26. Kh2 Qe6 27. c4 bxc4 28. Qxc4 Qxc4 29. bxc4 {[%emt 0:00:00] KR-KR} Ra8 30. Kg3 Kf8 31. Kf4 $1 Ra4 32. Rc2 Ke7 33. Ke5 f6+ 34. Kf5 Kf7 35. h4 g6+ (35... Ra5+ $15 36. Ke4 Ke6) 36. Ke4 $1 Ke6 37. Kd4 Kd6 38. g4 (38. Rf2 $5 Ke6 39. Re2+ Kd7 40. Rf2 $11) 38... c5+ 39. Ke4 {[%emt 0:00:12] The position is equal.} Ke6 40. h5 g5 41. a3 $1 f5+ 42. gxf5+ Kf6 43. Rc3 Ra8 44. Kd5 Rc8 45. Rf3 {[%emt 0:03:34] a4 is the strong threat.} g4 46. Rf1 {[%emt 0:01:26] Strongly threatening a4.} g3 47. Rg1 Rg8 48. Ke4 Rg4+ 49. Kf3 Rxc4 50. Rxg3 Kxf5 51. Rg6 Rc3+ 52. Ke2 Rxa3 53. Rxh6 {[%emt 0:00:09] Weighted Error Value: White=0.04 (flawless) /Black=0.05 (flawless)} 1/2-1/2

[Event "2nd Serbia Open Masters 2022"]
[Site "Novi Sad"]
[Date "2022.06.30"]
[Round "3.49"]
[White "Suleymanli, Aydin"]
[Black "Yordanov, Lachezar"]
[Result "1-0"]
[ECO "D38"]
[WhiteElo "2537"]
[BlackElo "2306"]
[Annotator "TA"]
[PlyCount "51"]
[EventDate "2022.06.28"]
[EventType "swiss"]
[EventCountry "SRB"]
[SourceTitle "playchess.com"]
[Source "ChessBase"]
[SourceQuality "1"]
[TimeControl "40/5400+30:900+30"]

1. Nf3 Nf6 2. c4 e6 3. Nc3 d5 4. d4 Bb4 5. Qa4+ Nc6 6. e3 O-O 7. Qc2 {[%emt 0:02:53] D38: Queen's Gambit Declined: Ragozin Defence (4 Nf3 Bb4).} b6 8. cxd5 {[%emt 0:07:40] [#]} Qxd5 $146 ({Much less strong is} 8... Nxd5 9. a3 Bxc3+ 10. bxc3 $14) ({Predecessor:} 8... exd5 9. Bd3 Bg4 10. a3 Bxc3+ 11. Qxc3 Bxf3 12. gxf3 Ne7 13. b3 Rc8 14. Bb2 c5 15. dxc5 bxc5 {1-0 (42) Petrosyan,M (2620)-Pashikian,A (2606) Yerevan 2022}) 9. Bd2 {[%emt 0:02:08] The position is equal.} Bxc3 10. bxc3 e5 11. c4 Qd6 12. d5 e4 $1 13. dxc6 exf3 14. gxf3 Qxc6 15. Rg1 {[%emt 0:04:05] Prevents Bg4.} Be6 ({But not} 15... Qxf3 16. Qb2 Rd8 17. Bc3 $14) 16. Qb2 {[%emt 0:10:51] Black must now prevent Qxf6.} Bf5 (16... Qxf3 $2 17. Rg3 Qf5 18. Bd3 $1 $18 (18. Bh3 Qxh3 19. Rxh3 Bxh3 $16)) 17. Bc3 {[%emt 0:01:52] Threatens to win with Bxf6.} Kh8 18. O-O-O Rad8 19. Be2 Bg6 20. h4 Qe6 21. f4 {[%emt 0:04:52][%cal Oh4h5] Hoping for h5!} h6 {[%emt 0:01:22] [#]} 22. Be5 (22. Rd5 $142 $1) 22... Kh7 23. Rxd8 Rxd8 24. f3 (24. Bxc7 $11 {remains equal.} Rc8 25. Be5) 24... Nd7 $2 {[%emt 0:02:46][%mdl 8192] [#]} (24... Nh5 $17 {and life is bright.} 25. e4 Re8) 25. h5 $1 $18 Nxe5 26. Qxe5 {[%emt 0:00:07] Weighted Error Value: White=0.13 (very precise) /Black=0.40} 1-0

[Event "2nd Serbia Open Masters 2022"]
[Site "Novi Sad"]
[Date "2022.06.30"]
[Round "3.50"]
[White "Zanan, Evgeny"]
[Black "Alexiadis, Hristos"]
[Result "1-0"]
[ECO "A06"]
[WhiteElo "2534"]
[BlackElo "2291"]
[Annotator "TA"]
[PlyCount "79"]
[EventDate "2022.06.28"]
[EventType "swiss"]
[EventCountry "SRB"]
[SourceTitle "playchess.com"]
[Source "ChessBase"]
[SourceQuality "1"]
[TimeControl "40/5400+30:900+30"]

1. d4 d5 2. Nf3 Nf6 3. c4 c6 4. e3 e6 5. b3 Nbd7 6. Bd3 Bd6 7. Bb2 Qe7 {[%emt 0:01:18] A06: Réti Opening: 1 Nf3 d5.} 8. Ne5 Bb4+ 9. Nd2 Ne4 {[%emt 0:18:24] White is slightly better.} 10. Bxe4 Nxe5 11. dxe5 {[%emt 0:00:25] Strongly threatening Bd3.} dxe4 12. O-O Bxd2 13. Qxd2 c5 {[%emt 0:00:16] Inhibits Qd4.} 14. Qc2 {[%emt 0:02:58] White is more active.} Bd7 15. Qxe4 {[%emt 0:01:55] [#]} O-O-O $146 ({Predecessor:} 15... Bc6 16. Qg4 O-O-O 17. f3 g6 18. e4 Rd3 19. h4 h5 20. Qf4 Rhd8 21. Bc1 Qc7 {1-0 (34) Volkov,S (2613)-Karl,H (2148) Ortisei 2013}) 16. Rad1 Bc6 17. Qf4 g5 18. Qg3 h5 19. h3 Rxd1 20. Rxd1 Rd8 21. Rd6 h4 (21... f5 $14) 22. Qg4 $1 $16 f5 {[%emt 0:00:33] [#]} 23. Qh5 Kc7 24. Qg6 Rxd6 25. exd6+ Qxd6 26. Qxg5 {[%emt 0:01:51][%mdl 4096] Endgame KQB-KQB} Qd1+ 27. Kh2 {[%emt 0:00:07] And now Qe7+ would win.} Qf1 $2 {[%emt 0:06:23][%mdl 8192] Black cannot hold the game after this.} ({Black should try} 27... Qd6+ $1 $14 28. Qf4 Qxf4+ 29. exf4 Kd6) 28. b4 $18 ({Weaker is} 28. f3 Qe1 29. Qf4+ Kb6 $18) 28... cxb4 {[%emt 0:03:43] [#]} 29. Qe7+ $1 Kc8 (29... Kb6 $2 30. Qxb4+ Ka6 31. Qa3+ Kb6 32. Bd4+ Kc7 33. Qe7+ Kc8 34. Qxe6+ Bd7 35. Qg8+ Kc7 36. Qd5) 30. Qxe6+ Kc7 31. Qe7+ Kc8 32. Qf8+ Kc7 $2 (32... Kd7 33. Qf7+ Kc8) 33. Be5+ Kb6 34. Qxb4+ Ka6 35. Qa3+ Kb6 36. Bd4+ {[%emt 0:00:27] White is clearly winning.} Kc7 37. Qe7+ Kc8 38. Qf8+ Kc7 39. Qg7+ Kc8 40. Be5 {[%emt 0:00:00] Weighted Error Value: White=0.03 (flawless) /Black=0.28 (precise)} 1-0

[Event "2nd Serbia Open Masters 2022"]
[Site "Novi Sad"]
[Date "2022.06.30"]
[Round "3.51"]
[White "Omorjan, Dejan"]
[Black "Budisavljevic, Luka"]
[Result "0-1"]
[ECO "A75"]
[WhiteElo "2339"]
[BlackElo "2507"]
[Annotator "TA"]
[PlyCount "74"]
[EventDate "2022.06.28"]
[EventType "swiss"]
[EventCountry "SRB"]
[SourceTitle "playchess.com"]
[Source "ChessBase"]
[SourceQuality "1"]
[TimeControl "40/5400+30:900+30"]

1. d4 e6 2. c4 c5 3. d5 exd5 4. cxd5 d6 5. Nc3 g6 6. Nf3 Bg7 7. e4 a6 8. a4 Bg4 9. Be2 Bxf3 10. Bxf3 Nd7 11. Qc2 Ngf6 12. O-O O-O 13. Bf4 Qe7 {[%emt 0:00:30] [#]} 14. Nb1 $146 {[%emt 0:00:30] A75: Modern Benoni: Classical: 9...a6 10 a4 Bg4.} ({Predecessor:} 14. Rfe1 Rfe8 15. h3 h5 16. Be2 Nh7 17. Bd3 Rac8 18. a5 Bd4 19. Ne2 Qf6 20. Nxd4 Qxf4 21. Nf3 Ng5 22. Nxg5 Qxg5 23. Qc1 {½-½ (52) Mecking,H (2549)-Leitao,R (2586) Sao Paulo 2005}) 14... b5 15. Na3 Rab8 16. axb5 {[%emt 0:00:30] Black has an edge.} axb5 17. Qe2 c4 18. Nc2 Ne5 19. Nb4 Nfd7 20. Ra7 $1 Qf6 21. Qe3 Nxf3+ (21... Nc5 $11) 22. Qxf3 (22. gxf3 $14 Nc5 23. Rb1) 22... Nc5 $1 $11 23. e5 dxe5 24. Be3 Qd6 {[%emt 0:00:30] Threatens to win with ...Ra8.} 25. Nc6 Rbe8 26. Bxc5 Qxc5 27. b4 Qd6 28. Rb7 e4 29. Qe3 f5 (29... Qxd5 $15 30. Ne7+ Rxe7 $1 31. Rxe7 c3) 30. Qa7 (30. Qc5 $11 Qxc5 31. bxc5) 30... Be5 ({Black should play} 30... Bf6 $17 31. Rd7 Qf4 32. Rxh7 c3) 31. Rxh7 f4 ({Much less strong is} 31... Ra8 32. Qb7 $16) 32. Rd7 Qf6 33. Nxe5 (33. Qc5 $11) 33... Rxe5 $17 34. Qc5 $2 {[%emt 0:00:30][%mdl 8192] [#] Loses the game.} (34. h3 $15) 34... f3 $1 $19 {[%emt 0:00:30] Hoping for ...fxg2.} 35. Ra1 {[%emt 0:00:30] And now Raa7 would win.} e3 {[%emt 0:00:30] ( -> ...exf2+)} 36. fxe3 fxg2 {[%emt 0:00:30][%mdl 64] Remove Defender} 37. Kxg2 Rg5+ {[%emt 0:00:30] Weighted Error Value: White=0.89/Black=0.12 (very precise)} 0-1

[Event "2nd Serbia Open Masters 2022"]
[Site "Novi Sad"]
[Date "2022.06.30"]
[Round "3.52"]
[White "Ferreira, Jorge Viterbo"]
[Black "Culum, Sanjin"]
[Result "1/2-1/2"]
[ECO "D02"]
[WhiteElo "2512"]
[BlackElo "2287"]
[Annotator "TA"]
[PlyCount "70"]
[EventDate "2022.06.28"]
[EventType "swiss"]
[EventCountry "SRB"]
[SourceTitle "playchess.com"]
[Source "ChessBase"]
[SourceQuality "1"]
[TimeControl "40/5400+30:900+30"]

1. d4 Nf6 2. Bf4 e6 3. e3 d5 4. Nf3 Bd6 5. Nbd2 O-O 6. Bd3 {[%emt 0:00:07] D02: 1 d4 d5 2 Nf3 sidelines, including 2...Nf6 3 g3 and 2...Nf6 3 Bf4.} c5 7. dxc5 Bxf4 8. exf4 Qc7 9. g3 Qxc5 10. c3 Nc6 11. O-O Re8 12. Ne5 {[%emt 0:05:08] [#]} h6 $146 ({Predecessor:} 12... Nxe5 13. fxe5 Nd7 14. Qe2 Qb6 15. Nf3 h6 16. Rae1 Nc5 17. Bb1 Bd7 18. Nd4 a6 {1-0 (44) Hamitevici,V (2519)-Makolli,P (2333) Heraklion 2017}) 13. Re1 Qe7 14. Ndf3 {[%emt 0:04:41] White is much more active. The black rooks are badly placed.} Bd7 15. g4 Rad8 16. Qe2 Rf8 17. h4 d4 18. Nxc6 Bxc6 19. Nxd4 {[%emt 0:00:41] aiming for g5.} Nd5 20. Qe4 {[%emt 0:05:10][%csl Gd3][%cal Re4h7] [#]} (20. Nxc6 bxc6 21. Qf3 (21. Qe4 f5 $15) 21... Qxh4 $15) 20... Nf6 {[%emt 0:00:49] Against Qh7+} (20... g6 $5 21. g5 (21. Nxc6 bxc6 22. g5 Qc7 $11) 21... Qd6 22. Nxc6 (22. gxh6 $2 Nxc3 23. Qe3 Qxd4 $19) 22... bxc6 $11) 21. Qe3 {[%emt 0:02:45] g5 is the strong threat.} ({But not} 21. Nxc6 bxc6 22. Qf3 {[#]} Nxg4 $1 $15) 21... Nxg4 22. Qg3 h5 23. f3 Nh6 ({Not} 23... Bxf3 24. Qxf3 Qxh4 25. Re2 $18) 24. Qg5 (24. Re5 $14) 24... Qc7 $15 25. Qg3 Qb6 {[%emt 0:06:11] Strongly threatening ...Rxd4.} (25... Rxd4 $5 26. cxd4 Qd6 $11) 26. Qf2 Rd7 27. Re5 Rd5 28. Rae1 Rfd8 29. Rg5 Qc7 (29... Rxd4 $15 30. cxd4 Rxd4) 30. Qg3 {[%emt 0:01:36] The position is equal.} Rxg5 31. hxg5 Nf5 32. Bxf5 exf5 33. g6 fxg6 34. Qxg6 Rxd4 35. Re8+ Bxe8 {[%emt 0:00:06] Weighted Error Value: White=0.11 (very precise) /Black=0.09 (flawless)} 1/2-1/2